 Dungeon Crawl Stone Soup version 0.28.0 (webtiles) character file.

Game seed: 5502979030977860815

50 trckry the Chopper (level 3, 0/29 HPs)
             Began as a Demonspawn Wanderer on Feb 12, 2022.
             Succumbed to an adder's poison
             ... on level 3 of the Dungeon.
             The game lasted 00:02:50 (1969 turns).

trckry the Chopper (Demonspawn Wanderer)            Turns: 1969, Time: 00:02:51

Health: 0/29       AC:  2    Str: 14    XL:     3   Next: 55%
Magic:  4/4        EV: 11    Int: 15    God:
Gold:   73         SH:  0    Dex: 10    Spells: 3/4 levels left

rFire   . . .      SeeInvis .   a - +3 hand axe
rCold   . . .      Faith    .   (no shield)
rNeg    . . .      Spirit   .   b - +0 robe
rPois   .          Reflect  .   (no helmet)
rElec   .          Harm     .   (no cloak)
rCorr   .          Rampage  .   (no gloves)
Will    +....                   (no boots)
Stlth   +.........              (no amulet)
HPRegen 0.09/turn               i - ring of willpower
MPRegen 0.18/turn               (no ring)

@: lethally poisoned (0 -> -3)
A: claws 1, magic regeneration
a: no special abilities


You were on level 3 of the Dungeon.
You visited 1 branch of the dungeon, and saw 3 of its levels.

You collected 73 gold pieces.

Inventory:

Hand Weapons
 a - a +3 hand axe (weapon)
Missiles
 k - 5 atropa-tipped darts
Armour
 b - a +0 robe (worn)
Jewellery
 i - a ring of willpower (left claw)
Scrolls
 d - 2 scrolls of summoning {unknown}
 g - a scroll of amnesia {unknown}
 h - a scroll of teleportation {unknown}
 j - a scroll of magic mapping {unknown}
 l - a scroll of vulnerability {unknown}
 m - 3 scrolls of identify {unknown}
 n - a scroll of fear {unknown}
Potions
 c - 2 potions of heal wounds {unknown}
 e - a potion of ambrosia {unknown}
 f - a potion of haste {unknown}


   Skills:
 - Level 3.0 Fighting
 - Level 4.5 Axes
 * Level 1.0 Unarmed Combat
 - Level 1.0 Spellcasting
 + Level 2.5 Translocations


You had 3 spell levels left.
You knew the following spells:

 Your Spells              Type           Power      Damage    Failure   Level
a - Apportation           Tloc           16%        N/A       9%          1

Your spell library contained the following spells:

 Spells                   Type           Power      Damage    Failure   Level
 Teleport Other           Tloc           8%         N/A       26%         3
 Portal Projectile        Hex/Tloc       8%         N/A       41%         3
 Blade Hands              Tmut           0%         N/A       100%        5
 Excruciating Wounds      Necr           0%         N/A       100%        5


Dungeon Overview and Level Annotations

Branches:
Dungeon (3/15)

Altars:
Elyvilon
Kikubaaqudgha
Makhleb
Nemelex Xobeh
Xom

Shops:
D:1 =


Innate Abilities, Weirdness & Mutations

You have sharp fingernails.
You regenerate magic rapidly.


Message History

Found a white marble altar of Elyvilon.
Found a burning altar of Makhleb.
Found a shimmering altar of Xom.
There is an open door here.
You open the door.
Found 11 gold pieces.
There is an open door here.
You now have 73 gold pieces (gained 11).
You open the door. As you open the door, it creaks loudly!
There is an open door here.
Found a stone staircase leading down.
An adder comes into view.
Found a dagger.
The adder hisses angrily.
The adder bites you but does no damage.
You closely miss the adder. The adder bites you. The adder closely misses you.
You barely miss the adder. The adder misses you.
You closely miss the adder. The adder barely misses you.
You closely miss the adder. The adder bites you. The adder barely misses you.
You barely miss the adder. The adder misses you.
You closely miss the adder. The adder bites you. The adder closely misses you.
You barely miss the adder. The adder bites you.
You are poisoned.
The adder poisons you!
You closely miss the adder.
You feel sick. The adder closely misses you.
You barely miss the adder.
You feel sick. The adder bites you. The adder bites you but does no damage.
You closely miss the adder.
You feel sick. The adder bites you.
You are more poisoned.
The adder poisons you!
You barely miss the adder. Your claw misses the adder.
You feel sick. The adder bites you.
* * * LOW HITPOINT WARNING * * *
You miss the adder.
* * * LOW HITPOINT WARNING * * *
You feel sick. The adder barely misses you. The adder bites you.
* * * LOW HITPOINT WARNING * * *
You miss the adder.
You die...

#..### #.#.#.##
#..#####.#.#.##
#........#.#.##
#.########.#.##
.#### #.#
#....#
.....#####.#
#.....
.........#.#
......
.......S.#.#
......)@.#.#
...........#
.####....###
###..# ####


You could see an adder.

Vanquished Creatures
  2 adders (D:2)
  3 endoplasms
  3 goblins
  4 hobgoblins
  3 kobolds (D:1)
  3 quokkas
  6 ball pythons
  A bat (D:2)
  2 frilled lizards
  2 rats
29 creatures vanquished.

Notes
Turn   | Place    | Note
-------+----------+-------------------------------------------
     0 | D:1      | trckry the Demonspawn Wanderer began the quest for the Orb.
     0 | D:1      | trckry set off with the following items: a +3 hand axe, a
                  | +0 robe; and the following spell memorised: Apportation;
                  | and the following spells available to memorise: Teleport
                  | Other
     0 | D:1      | Reached XP level 1. HP: 16/16 MP: 2/2
   494 | D:1      | Gained mutation: You regenerate magic rapidly. [demonic
                  | ancestry]
   494 | D:1      | Reached XP level 2. HP: 23/23 MP: 3/3
   549 | D:1      | Found Juanuq's Jewellery Shop.
   912 | D:2      | Gained mutation: You have sharp fingernails. [demonic
                  | ancestry]
   912 | D:2      | Reached XP level 3. HP: 19/29 MP: 4/4
  1548 | D:2      | Reached skill level 1 in Unarmed Combat
  1846 | D:3      | Found a sparkling altar of Nemelex Xobeh.
  1846 | D:3      | Found an ancient bone altar of Kikubaaqudgha.
  1856 | D:3      | Found a burning altar of Makhleb.
  1858 | D:3      | Found a shimmering altar of Xom.
  1968 | D:3      | HP: 3/29 [poisoned by an adder]
  1968 | D:3      | HP: 1/29 [adder (2)]
  1969 | D:3      | Succumbed to an adder's poison

Illustrated notes

Levels and vault maps discovered:
D:1:      amcnicky_arrival_underground_garden, layout_basic, serial_shops, shop,
          hangedman_abyss_or_decor_stabs
D:2:      layout_loops_ring, serial_glass, glass_columns_b, glass_columns_c,
          glass_columns_a, glass_columns_b, glass_columns_a, glass_columns_b
D:3:      layout_loops_corners, chequers_temple_overflow_minitemple,
          old_standard_altar, grunt_decor_clamped, minmay_door_square,
          feat_on_display, uniq_robin, uniq_jessica, uniq_grinder, uniq_natasha

Skill      XL: |  1  2  3 |
---------------+----------+-----
Fighting       | 3 |  3.0
Translocations | 2 |  2.5
Unarmed Combat | 1 |  1.0
Axes           | |  4.5
Spellcasting   | |  1.0

Action                   || total
-------------------------++-------
Melee: Hand axe          ||    90
 Stab: Sleeping          ||     1
Armor: Robe              ||    16
Dodge: Dodged            ||    53
